Map: Oxide LE

Players

A.I. 1 (Very Easy) - Winner!

  • Race: Zerg Zerg
  • Spawn Location: 1:00

TheCowboy

  • Race: Protoss Protoss
  • League: Grandmaster
  • Spawn Location: 7:00

VOD

https://youtu.be/9Ov5eV1BgTA

Description

A tight but reasonably flexabile build order to practice.

Time

  • Played on: Jan. 4, 2021, 4:51 a.m.
  • Length: 5:53
Show
View Real Time Build Order
Export as new Build Order

A.I. 1 (Very Easy) Zerg - Winner!

Build Orders: Pool Only 

Get SALT Encoding   

  12  0:01  Drone  
  13  0:12  Overlord  
  13  0:16  Drone  
  14  0:35  Spawning Pool  
  13  0:37  Extractor  
  13  0:39  Drone  
  13  0:47  Drone  
  14  0:52  Overlord  
  14  1:22  Zergling x2  
  14  1:24  Queen  
  17  1:31  Roach Warren  
  16  1:35  Drone  
  16  1:39  Zergling x2, Extractor  
  17  1:43  Drone  
  18  1:56  Drone  
  18  1:57  Zergling x2  
  20  2:07  Drone  
  21  2:18  Drone  
  22  2:28  Drone  
  23  2:30  Overlord  
  23  2:35  Drone  
  24  2:43  Drone  
  25  4:10  Zergling x2  
  25  5:41  Drone  
Show
View Real Time Build Order
Export as new Build Order

TheCowboy Protoss 

Build Orders: Phoenix Opening 

Get SALT Encoding   

  12  0:01  Probe  
  13  0:13  Probe  
  14  0:20  Pylon  
  14  0:25  Probe (Chrono Boost)  
  15  0:38  Gateway  
  15  0:39  Probe (Chrono Boost)  
  16  0:46  Probe (Chrono Boost)  
  16  0:47  Assimilator  
  17  0:53  Probe  
  17  0:55  Assimilator  
  18  1:05  Probe (Chrono Boost)  
  18  1:10  Gateway  
  19  1:15  Probe (Chrono Boost)  
  20  1:20  Probe (Chrono Boost)  
  20  1:25  Cybernetics Core  
  21  1:31  Probe  
  22  1:35  Pylon  
  22  1:43  Probe  
  23  1:56  Probe  
  24  2:02  Stalker x2  
  24  2:03  Warp Gate  
  24  2:07  Pylon  
  28  2:14  Probe  
  29  2:32  Sentry x2  
  33  2:41  Nexus  
  33  2:48  Probe  
  34  2:59  Pylon, Sentry  
  34  3:01  Probe (Chrono Boost)  
  37  3:05  Phoenix  
  37  3:07  Robotics Facility  
  37  3:13  Probe (Chrono Boost)  
  38  3:21  Probe (Chrono Boost)  
  39  3:27  Probe (Chrono Boost)  
  40  3:39  Probe (Chrono Boost)  
  40  3:40  Twilight Council, Forge  
  41  3:45  Probe (Chrono Boost)  
  42  3:53  Probe (Chrono Boost)  
  44  3:59  Probe (Chrono Boost)  
  46  4:03  Probe (Chrono Boost)  
  46  4:06  Probe (Chrono Boost)  
  46  4:09  Stalker  
  50  4:10  Probe (Chrono Boost), Stalker  
  52  4:17  Probe (Chrono Boost)  
  52  4:19  Pylon  
  53  4:24  Probe x2 (Chrono Boost)  
  53  4:29  Gateway  
  54  4:33  Gateway  
  54  4:35  Probe  
  54  4:36  Probe  
  56  4:47  Probe  
  56  4:50  Probe  
  56  4:51  Gateway  
  58  4:53  Assimilator, Gateway  
  58  4:59  Probe  
  59  5:02  Probe  
  60  5:07  Observer  
  60  5:09  Nexus  
  60  5:13  Probe  
  62  5:14  Probe  
  62  5:19  Pylon  
  62  5:20  Stalker  
  65  5:25  Probe  
  65  5:27  Stalker  
  69  5:28  Probe  
  69  5:37  Probe  
  69  5:38  Stalker x2  
  69  5:40  Probe  
  75  5:43  Pylon  
  75  5:48  Stalker  
Tags
 
Add a new tag
Caveats
  • Supply blocks, unpowered buildings, or Contaminate may cause inaccurate times.
  • Supply counts are checked every 10 seconds.